 Dungeon Crawl Stone Soup version 0.24-a0-173-gc15b636e9c (webtiles) character file.

Game seed: 242621924589202770

27493 MrRokkomies the Arsonist (level 12, -6/86 HPs)
             Began as a Demigod Fire Elementalist on Mar 11, 2019.
             Mangled by a death yak (20 damage)
             ... on level 4 of the Lair of Beasts on Mar 12, 2019.
             The game lasted 01:45:46 (16762 turns).

MrRokkomies the Arsonist (DgFE)                    Turns: 16762, Time: 01:45:47

Health: -6/86      AC: 11    Str: 12 (13) XL:     12   Next: 69%
Magic:  28/28      EV: 18    Int: 25      God:
Gold:   807        SH:  0    Dex: 16      Spells: 3/26 levels left

rFire    + + +     SeeInvis +   a - staff of fire
rCold    + . .     Gourm    .   (no shield)
rNeg     . . .     Faith    .   F - +2 robe {rC+ rF+}
rPois    .         Spirit   .   G - +2 hat {SInv}
rElec    .         Reflect  .   (no cloak)
rCorr    .         Harm     .   (no gloves)
MR       +....                  (no boots)
Stlth    ++........             i - amulet of magic regeneration
HPRegen  0.24/turn              q - +5 ring of protection
MPRegen  0.46/turn              x - ring of fire

@: hasted, very quick
A: cold resistance 1, deterioration 1, fire resistance 1, frail 1, high mp 1
a: no special abilities


You were on level 4 of the Lair of Beasts.
You were not hungry.

You visited 2 branches of the dungeon, and saw 16 of its levels.

You collected 807 gold pieces.

Inventory:

Hand Weapons
 b - a +1 whip of electrocution
 t - a +0 scimitar
 A - a +0 shortbow of freezing
 O - a +0 blowgun
Missiles
 g - 73 poisoned needles
 s - 291 arrows
 P - 5 curare-tipped needles
Armour
 m - a +2 leather armour of cold resistance
 n - a +0 helmet
 F - a +2 robe of resistance (worn)
 G - a +2 hat of see invisible (worn)
Magical Staves
 a - an uncursed staff of fire (weapon)
 I - an uncursed staff of power
Jewellery
 i - an amulet of magic regeneration (around neck)
 q - a +5 ring of protection (left hand)
 x - a ring of fire (right hand)
 z - an uncursed ring of protection from fire
 Q - the ring of Ovadaug {rPois rF+ rN+ Str+4 Int+4 Dex-2}
   (You found it on level 1 of the Lair of Beasts)

   [ring of protection from fire]

   It affects your strength (+4).
   It affects your intelligence (+4).
   It affects your dexterity (-2).
   It protects you from fire.
   It protects you from poison.
   It protects you from negative energy.
Wands
 p - a wand of clouds (9)
 u - a wand of iceblast (10)
 E - a wand of scattershot (4)
 J - a wand of digging (3)
 K - a wand of polymorph (16)
 N - a wand of enslavement (6)
Scrolls
 d - 2 scrolls of identify
 h - 6 scrolls of remove curse
 k - 3 scrolls of enchant weapon
 l - 4 scrolls of teleportation
 y - 3 scrolls of fog
 D - 4 scrolls of enchant armour
 L - 3 scrolls of amnesia
Potions
 e - 2 potions of agility
 f - a potion of flight
 j - 4 potions of mutation
 o - 3 potions of brilliance
 r - 3 potions of magic
 v - 4 potions of haste
 w - 3 potions of curing
 B - 3 potions of ambrosia
 C - 2 potions of cancellation
 H - 2 potions of lignification
 S - a potion of invisibility
Miscellaneous
 R - a lightning rod (4/4)
Comestibles
 c - 17 rations


   Skills:
 - Level 6.0 Fighting
 + Level 6.0 Staves
 - Level 8.0 Dodging
 - Level 1.7 Stealth
 * Level 7.8 Spellcasting
 - Level 10.0 Conjurations
 * Level 11.3 Fire Magic


You had 3 spell levels left.
You knew the following spells:

 Your Spells              Type           Power        Failure   Level  Hunger
a - Iskenderun's Mystic   Conj           ######..     1%          4    ##.....
b - Conjure Flame         Conj/Fire      #######.     1%          3    None
d - Throw Flame           Conj/Fire      ######       1%          2    None
e - Sticky Flame          Conj/Fire      #######.     1%          4    ##.....
f - Fireball              Conj/Fire      #######...   2%          5    #####..
g - Searing Ray           Conj           ######       1%          2    None
h - Dazzling Spray        Conj/Hex       ####..       2%          3    None

Your spell library contained the following spells:

 Spells                   Type           Power        Failure   Level  Hunger
 Flame Tongue             Conj/Fire      #####        1%          1    None
 Magic Dart               Conj           ####         1%          1    None
 Sting                    Conj/Pois      ####         1%          1    None
 Inner Flame              Hex/Fire       ######..     1%          3    None
 Stone Arrow              Conj/Erth      ####..       2%          3    None
 Mephitic Cloud           Conj/Pois/Air  ####....     4%          3    None
 Corona                   Hex            #......      6%          1    None
 Sandblast                Erth           #.....       6%          1    None
 Ensorcelled Hibernation  Hex/Ice        #.....       10%         2    None
 Passwall                 Tmut/Erth      #.......     10%         2    None
 Poisonous Vapours        Pois/Air       #.....       10%         2    None
 Confuse                  Hex            #.......     19%         3    None
 Tukima's Dance           Hex            #.......     19%         3    None
 Force Lance              Conj/Tloc      ####....     8%          4    ##.....
 Fulminant Prism          Conj/Hex       ####......   8%          4    ##.....
 Venom Bolt               Conj/Pois      ####......   22%         5    #####..
 Olgreb's Toxic Radiance  Pois           #.......     52%         4    ##.....
 Petrify                  Tmut/Erth      #.......     52%         4    ##.....
 Lee's Rapid Deconstruct  Erth           #.........   86%         5    #####..


Dungeon Overview and Level Annotations

Branches:
Dungeon (12/15)            Temple (0/1) D:4            Lair (4/6) D:11
 Shoals (0/4) Lair:3        Snake (0/4) Lair:2          Orc (0/2) D:11

Shops:
D:4 }   D:9 }   D:11 [

Annotations:
D:7 Prince Ribbit
D:12 Kirke


Innate Abilities, Weirdness & Mutations

You have an increased reservoir of magic. (+10% MP)
Your flesh is cold resistant. (rC+)
Your body sometimes deteriorates upon taking damage.
Your flesh is heat resistant. (rF+)
You are frail. (-10% HP)


Message History

You feel sick. x8
You are no longer poisoned.
You start resting.
Magic restored.
You start resting.
HP restored.
You climb downwards.
The yak bellows!
The death yak gores you. The yak gores you! The death yak gores you! x2
The death yak gores you!!
* * * LOW HITPOINT WARNING * * *
Your body deteriorates!
You feel weakened.
The yak bellows!
There is a stone staircase leading up, spattered with blood here.
Okay, then.
Unknown command.
You feel yourself speed up.
The death yak bellows!
The yak gores you but does no damage. The death yak gores you!!
You die...

...............
...............
...............
#....................#
#....................#
.....................#
..^.....Y............##
#.....Y@..............
#.....YY..YF.........#
.................Y...#
#.............Y..Y.<.#
#....................#
#..........Y.....Y....#
....P####..........Y.##
..... ............#
......Y..#


You could see 4 death yaks, 3 yaks and a bullfrog.

Vanquished Creatures
  Gastronok (Lair:2)
  A hydra (Lair:2)
  A catoblepas (D:11)
  A two-headed ogre (D:8)
  2 death yaks (Lair:4)
  Sonja (D:12)
  2 unseen horrors (D:12)
  Pikel (D:7)
  An ugly thing (D:12)
  A cyclops (D:11)
  4 elephants
  2 centaur zombies (D:10)
  A black mamba (Lair:2)
  A molten gargoyle (D:9)
  6 spiny frogs
  2 komodo dragons
  6 trolls
  Grinder (D:5)
  2 hornets
  9 hippogriffs
  3 blink frogs (Lair:3)
  Sigmund (D:5)
  2 humans
  8 yaks
  6 hogs
  A wyvern (Lair:3)
  A hungry ghost (D:10)
  Menkaure (D:4)
  Edmund (D:6)
  A soldier ant (D:10)
  8 water moccasins
  Duvessa (D:6)
  A black bear (D:9)
  4 porcupines
  2 ice beasts
  7 orc warriors
  6 ogres
  A phantom (D:11)
  9 centaurs
  7 crocodiles
  11 wolves
  2 big kobolds
  Blork the orc (D:4)
  11 bullfrogs
  Dowan (D:6)
  3 scorpions
  9 killer bees
  4 wights (D:9)
  3 howler monkeys
  3 crimson imps
  A bullfrog zombie (D:7)
  A quasit (D:10)
  A hound (D:6)
  A bullfrog skeleton (D:10)
  3 jellies
  4 orc priests
  15 orc wizards
  A centaur skeleton (D:6)
  5 iguanas
  6 worker ants
  A hound skeleton (D:10)
  Robin (D:3)
  A worker ant zombie (D:8)
  18 adders
  2 shadow imps
  2 oozes
  An adder skeleton (D:9)
  An adder zombie (D:6)
  2 worms (D:3)
  3 dart slugs (D:1)
  2 leopard geckos
  46 orcs
  4 bats
  3 giant cockroaches
  19 goblins
  12 hobgoblins
  10 jackals
  9 quokkas
  4 ball pythons
  2 frilled lizards
  A giant cockroach zombie (D:5)
  15 kobolds
  A leopard gecko skeleton (D:7)
  5 rats
  A bush (Lair:2)
369 creatures vanquished.

Vanquished Creatures (collateral kills)
  A spiny frog (Lair:1)
1 creature vanquished.

Vanquished Creatures (others)
  3 slaves (D:7)
  A fire vortex (D:9)
  5 fungi
  3 plants (D:11)
12 creatures vanquished.

Grand Total: 382 creatures vanquished

Notes
Turn   | Place    | Note
-------+----------+-------------------------------------------
     0 | D:1      | MrRokkomies the Demigod Fire Elementalist began the quest
                  | for the Orb.
     0 | D:1      | Reached XP level 1. HP: 14/14 MP: 5/5
    23 | D:1      | Reached skill level 1 in Conjurations
   194 | D:1      | Reached skill level 3 in Fire Magic
   268 | D:1      | Reached XP level 2. HP: 19/20 MP: 4/7
  1077 | D:2      | Reached XP level 3. HP: 24/26 MP: 3/8
  1580 | D:2      | Learned a level 3 spell: Conjure Flame
  1751 | D:2      | Found a white marble altar of Elyvilon.
  2183 | D:3      | Found a bloodstained altar of Trog.
  2236 | D:3      | Gained mutation: Armour fits poorly on your strangely
                  | shaped body. [potion of mutation]
  2236 | D:3      | Gained mutation: You are clumsy. (Dex -2) [potion of
                  | mutation]
  2236 | D:3      | Gained mutation: Your flesh is heat resistant. (rF+)
                  | [potion of mutation]
  2236 | D:3      | Gained mutation: You are partially covered in molten
                  | scales. (AC +2) [potion of mutation]
  2238 | D:3      | Reached XP level 4. HP: 16/33 MP: 7/9
  2242 | D:3      | Reached skill level 4 in Fire Magic
  2927 | D:3      | Noticed Robin
  2944 | D:3      | Reached XP level 5. HP: 33/38 MP: 7/10
  2950 | D:3      | Killed Robin
  3016 | D:3      | Learned a level 3 spell: Inner Flame
  3017 | D:3      | Found an ancient bone altar of Kikubaaqudgha.
  3236 | D:4      | Found Fuczui's Gadget Shop.
  3349 | D:4      | Found an ornate altar of the Wu Jian Council.
  3677 | D:4      | Found a hazy altar of Hepliaklqana.
  3809 | D:4      | Noticed Menkaure
  3816 | D:4      | Noticed Blork the orc
  3819 | D:4      | Killed Menkaure
  3819 | D:4      | Reached skill level 5 in Fire Magic
  3819 | D:4      | Reached XP level 6. HP: 14/45 MP: 3/11
  3822 | D:4      | Killed Blork the orc
  4008 | D:4      | Found a staircase to the Ecumenical Temple.
  4035 | D:5      | Entered Level 5 of the Dungeon
  4036 | D:5      | Noticed Grinder
  4081 | D:5      | Reached skill level 1 in Fighting
  4162 | D:6      | Reached skill level 5 in Conjurations
  4162 | D:6      | Reached XP level 7. HP: 19/55 MP: 4/12
  4385 | D:6      | Noticed Dowan
  4390 | D:6      | Learned a level 2 spell: Throw Flame
  4395 | D:6      | Noticed Duvessa
  4395 | D:6      | Noticed Edmund
  4419 | D:5      | Killed Grinder
  4497 | D:5      | Lost mutation: You are clumsy. (Dex -2) [potion of
                  | mutation]
  4497 | D:5      | Lost mutation: Armour fits poorly on your strangely shaped
                  | body. [potion of mutation]
  4497 | D:5      | Lost mutation: You are partially covered in molten scales.
                  | (AC +2) [potion of mutation]
  4497 | D:5      | Gained mutation: You are frail. (-10% HP) [potion of
                  | mutation]
  4497 | D:5      | Gained mutation: Your body sometimes deteriorates upon
                  | taking damage. [potion of mutation]
  4497 | D:5      | Gained mutation: Your flesh is cold resistant. (rC+)
                  | [potion of mutation]
  4562 | D:5      | Noticed Sigmund
  4599 | D:5      | Killed Sigmund
  4599 | D:5      | Reached XP level 8. HP: 59/59 MP: 5/13
  4911 | D:5      | Found a radiant altar of Vehumet.
  5093 | D:6      | Reached skill level 5 in Fighting
  5451 | D:6      | Killed Dowan
  5629 | D:6      | Killed Edmund
  5635 | D:6      | Killed Duvessa
  5737 | D:6      | Reached skill level 5 in Dodging
  6401 | D:7      | Noticed Pikel
  6414 | D:7      | Killed Pikel
  6414 | D:7      | Reached XP level 9. HP: 64/67 MP: 17/17
  6610 | D:7      | Found a burning altar of Makhleb.
  6623 | D:7      | Noticed a blizzard demon
  6631 | D:7      | Found a glowing silver altar of Zin.
  6632 | D:7      | Noticed an angel
  6765 | D:7      | Found a glowing golden altar of the Shining One.
  6844 | D:7      | Learned a level 4 spell: Sticky Flame
  6917 | D:7      | Noticed Prince Ribbit
  7611 | D:7      | Reached skill level 5 in Spellcasting
  7620 | D:7      | Learned a level 5 spell: Fireball
  8242 | D:8      | Noticed a two-headed ogre
  8250 | D:8      | Killed a two-headed ogre
  8250 | D:8      | Reached skill level 6 in Fire Magic
  8250 | D:8      | Reached XP level 10. HP: 74/74 MP: 20/21
  8297 | D:8      | Got a smelly leather armour
  8308 | D:8      | Identified the +3 leather armour of the Old World {+Inv
                  | Int-3 Dex+3} (You found it on level 8 of the Dungeon)
  8807 | D:9      | Found a blossoming altar of Fedhas.
  8825 | D:9      | Found Pehipsac's Gadget Boutique.
  9271 | D:10     | Entered Level 10 of the Dungeon
  9333 | D:10     | Reached skill level 7 in Fire Magic
  9386 | D:10     | Got a steaming helmet
  9397 | D:10     | Identified the +0 helmet "Foukegat" {rN++ Slay-2} (You
                  | found it on level 10 of the Dungeon)
  9898 | D:10     | Found a hazy altar of Hepliaklqana.
  9907 | D:10     | Reached skill level 1 in Staves
 10815 | D:11     | Reached skill level 8 in Fire Magic
 10861 | D:11     | Found a staircase to the Orcish Mines.
 10893 | D:11     | Reached XP level 11. HP: 47/80 MP: 1/22
 11103 | D:11     | Found a staircase to the Lair.
 11277 | D:11     | Noticed a catoblepas
 11323 | D:11     | Killed a catoblepas
 11335 | D:11     | Paralysed by a hornet for 2 turns
 11906 | D:11     | Found Coixeegred's Armour Emporium.
 11946 | D:12     | Noticed an unseen horror
 11949 | D:12     | Killed an unseen horror
 12027 | D:12     | Reached skill level 9 in Fire Magic
 12317 | D:12     | Noticed Sonja
 12699 | D:12     | Killed Sonja
 12739 | D:12     | Noticed Kirke
 12779 | D:12     | Noticed an unseen horror
 12783 | D:12     | Killed an unseen horror
 13026 | D:12     | Learned a level 2 spell: Searing Ray
 13072 | D:12     | Noticed a harpy
 13262 | Lair:1   | Entered Level 1 of the Lair of Beasts
 13395 | Lair:1   | Reached skill level 10 in Conjurations
 13422 | Lair:1   | Got a pitted brass ring
 13423 | Lair:1   | Identified the ring of Ovadaug {rPois rF+ rN+ Str+4 Int+4
                  | Dex-2} (You found it on level 1 of the Lair of Beasts)
 13960 | Lair:2   | Noticed Gastronok
 13984 | Lair:2   | Killed Gastronok
 13984 | Lair:2   | Reached skill level 10 in Fire Magic
 14078 | Lair:2   | Found a staircase to the Snake Pit.
 14123 | Lair:2   | Reached XP level 12. HP: 43/86 MP: 15/24
 14130 | Lair:2   | Found a gate leading to a gauntlet.
 14420 | Lair:2   | Noticed a six-headed hydra
 14532 | Lair:2   | Killed a six-headed hydra
 14560 | Lair:2   | Reached skill level 5 in Staves
 14889 | Lair:1   | Learned a level 3 spell: Dazzling Spray
 15509 | Lair:3   | Found a staircase to the Shoals.
 15771 | Lair:3   | Reached skill level 11 in Fire Magic
 16474 | Lair:4   | Upgraded the game from 0.24-a0-170-gd8427f5388 to
                  | 0.24-a0-173-gc15b636e9c
 16568 | Lair:3   | Learned a level 4 spell: Iskenderun's Mystic Blast
 16762 | Lair:4   | Mangled by a death yak

Levels and vault maps discovered:
D:1:      dpeg_arrival_arbitrary_b, layout_basic, minmay_statues_item
D:2:      layout_basic, lemuel_statue_altar
D:3:      layout_loops_corners, lemuel_round_altar, bloody_trog, st_stairs_5,
          uniq_robin
D:4:      layout_basic, lemuel_round_altar, old_standard_altar,
          minmay_temple_entry_poolview, serial_shops, nicolae_shop_trees,
          uniq_menkaure, uniq_blork_the_orc
D:5:      layout_rooms, kennysheep_mini, first_ration, uniq_sigmund,
          uniq_grinder
D:6:      layout_basic, supply_closet_lemuel, uniq_duvessa, uniq_edmund
D:7:      layout_layer_cave, grunt_temple_overflow_order_and_chaos_2,
          nicolae_tso_carved_into_rock, serial_park_tiny_1, grunt_livestock,
          uniq_pikel, uniq_prince_ribbit1
D:8:      layout_cave_pools
D:9:      layout_loops_corners, nicolae_overflow_hidden_temple, serial_shops,
          shop, shop, nicolae_shop_crystal, shop_statue, shop, minivault_8
D:10:     layout_loops_ring, basic_altar
D:11:     layout_long_grid, david_lair_shrubbed, erik_orc_4, serial_shops,
          nicolae_shop_waterfront
D:12:     layout_cave_pools, uniq_sonja, uniq_kirke
Lair:1:   layout_misc_corridors, minivault_26, grunt_megastairs_2
Lair:2:   layout_cave_shapes, minmay_snake_entry_six_corridors,
          gauntlet_entry_generic, uniq_gastronok
Lair:3:   layout_cave_pods, minmay_shoals_entry_centaurs
Lair:4:   layout_long_grid

Skill      XL: |  1  2  3  4  5  6  7  8  9 10 11 12 |
---------------+-------------------------------------+-----
Conjurations   | 1 2 3 4 5 6 8 10 | 10.0
Fire Magic     | 3 4 5 6 8 10 11 | 11.3
Fighting       | 2 4 6 |  6.0
Dodging        | 2 6 7 8 |  8.0
Spellcasting   | 3 5 7 |  7.8
Staves         | 2 4 6 |  6.0
Stealth        | |  1.7

Action                   |  1- 3 |  4- 6 |  7- 9 | 10-12 || total
-------------------------+-------+-------+-------+-------++-------
Melee: Unarmed           |     6 |       |       |     5 ||    11
       Dagger            |    20 |       |       |       ||    20
       Rapier            |    23 |    97 |       |       ||   120
       Scimitar          |       |    11 |    36 |    10 ||    57
       Staff             |       |       |    29 |   252 ||   281
       Whip              |       |       |     6 |     2 ||     8
 Fire: Shortbow          |       |       |    11 |       ||    11
 Cast: Flame Tongue      |    51 |    67 |   173 |    72 ||   363
       Conjure Flame     |     1 |     4 |    12 |    17 ||    34
       Throw Flame       |       |       |    77 |   411 ||   488
       Sticky Flame      |       |       |    11 |    56 ||    67
       Inner Flame       |       |       |     1 |       ||     1
       Fireball          |       |       |       |    18 ||    18
       Dazzling Spray    |       |       |       |     2 ||     2
       Searing Ray       |       |       |       |     1 ||     1
Evoke: Wand              |       |       |       |     1 ||     1
  Use: Scroll            |     3 |     8 |     9 |    12 ||    32
       Potion            |     3 |     2 |     4 |     9 ||    18
 Stab: Sleeping          |     4 |     1 |     4 |       ||     9
       Distracted        |     1 |       |       |       ||     1
       Petrified         |       |       |       |     4 ||     4
  Eat: Chunk             |     5 |     6 |    14 |    23 ||    48
       Ration            |       |       |     2 |     5 ||     7
Armor: Robe              |     3 |    52 |    33 |   159 ||   247
       Skin              |     2 |     7 |    32 |     1 ||    42
       Leather armour    |       |       |    12 |       ||    12
Dodge: Dodged            |    46 |   104 |   135 |   463 ||   748
       Rpst.: Scimitar   |       |    12 |    10 |       ||    22

Table legend:
 A = Non-vault XP
 B = Vault XP
 C = Vault XP percentage of total XP
 D = Non-vault monster count
 E = Vault monster count
 F = Vault count percentage of total count
                 A         B        C        D         E       F
            +---------+---------+-------+---------+---------+-------
      Total |   30260 |    9016 |  23.0 |     299 |      70 |  19.0
            +---------+---------+-------+---------+---------+-------
        D:1 |      37 |       0 |   0.0 |      18 |       0 |   0.0
        D:2 |      42 |       0 |   0.0 |      14 |       0 |   0.0
        D:3 |     153 |      42 |  21.5 |      25 |      15 |  37.5
        D:4 |     103 |     205 |  66.6 |       9 |       2 |  18.2
        D:5 |     634 |     510 |  44.6 |      16 |       2 |  11.1
        D:6 |     945 |     384 |  28.9 |      18 |       3 |  14.3
        D:7 |    1257 |    1556 |  55.3 |      28 |       6 |  17.6
        D:8 |    1614 |       0 |   0.0 |      22 |       0 |   0.0
        D:9 |     895 |     410 |  31.4 |      12 |       1 |   7.7
       D:10 |    3180 |       0 |   0.0 |      39 |       0 |   0.0
       D:11 |    3965 |    1064 |  21.2 |      33 |      18 |  35.3
       D:12 |    2631 |    1229 |  31.8 |       7 |       3 |  30.0
     Lair:1 |    2077 |     103 |   4.7 |       9 |       1 |  10.0
     Lair:2 |    4901 |    3050 |  38.4 |      15 |      15 |  50.0
     Lair:3 |    6082 |     463 |   7.1 |      32 |       4 |  11.1
     Lair:4 |    1744 |       0 |   0.0 |       2 |       0 |   0.0
            +---------+---------+-------+---------+---------+-------
